 Dungeon Crawl Stone Soup version 0.30.1-1-g62c8e00024 (webtiles) character file.

Game seed: 15702193888929997649

150390 Eitelfritz the Executioner (level 17, -2/146 HPs)
             Began as a Hill Orc Fighter on July 15, 2023.
             Was the Champion of Hepliaklqana.
             Killed from afar by a salamander tyrant (27 damage)
             ... with a flame surge
             ... on level 4 of the Snake Pit on July 16, 2023.
             The game lasted 01:22:18 (24513 turns).

Eitelfritz the Executioner (Hill Orc Fighter)      Turns: 24513, Time: 01:22:19

Health: -2/146     AC: 29    Str: 31    XL:     17   Next: 53%
Magic:  21/21      EV: 11    Int: 10    God:    Hepliaklqana [******]
Gold:   627        SH: 12    Dex: 11    Spells: 16/16 levels left

rFire   . . .        a - +3 war axe (freeze)
rCold   + . .        V - +1 kite shield {reflect}
rNeg    . . .        O - +2 chain mail of Cepopiffes {+Inv rC+ Will+ Dex-5}
rPois   +            X - +2 helmet {SInv}
rElec   .            D - +2 cloak {rCorr}
rCorr   +            W - +2 pair of gloves {Dex+3}
SInv    +            n - +2 pair of boots
Will    ++...        m - amulet of regeneration
Stlth   +            w - ring "Plog" {Fly rPois Dex+3}
HPRegen 1.24/turn    t - ring of Baiqiaqiu {*Slow Str+6 Slay+6}
MPRegen 0.17/turn

%: slow self (1%), reflection
@: lethally poisoned (-2 -> -2), about to teleport, weakened, flying, slowed,
very slow
A: reduced essence
a: Renounce Religion, Evoke Invisibility, Recall Ancestor, Ancestor Identity,
Transference, Idealise


You were on level 4 of the Snake Pit.
You worshipped Hepliaklqana.
Hepliaklqana was exalted by your worship.
You visited 5 branches of the dungeon, and saw 26 of its levels.
You also visited: Ossuary.

You collected 2859 gold pieces.
You spent 2232 gold pieces at shops.

Inventory:

Hand Weapons
 a - a +3 war axe of freezing (weapon)
 b - a +5 morningstar
 K - a +2 hand axe of flaming
Missiles
 y - 4 throwing nets (quivered)
 I - 5 boomerangs of dispersal
 Q - 4 curare-tipped darts
Armour
 n - a +2 pair of boots (worn)
 D - a +2 cloak of preservation (worn)
 O - the +2 chain mail of Cepopiffes (worn) {+Inv rC+ Will+ Dex-5}
   (You found it on level 12 of the Dungeon)

   Dex:       It affects your dexterity (-5).
   rC:        It protects you from cold.
   +Inv:      It lets you turn invisible.
   Will:      It increases your willpower.
 V - a +1 kite shield of reflection (worn)
 W - a +2 pair of gloves of dexterity (worn)
 X - a +2 helmet of see invisible (worn)
Jewellery
 j - an amulet of magic regeneration
 l - a ring of protection from cold
 m - an amulet of regeneration (around neck)
 t - the ring of Baiqiaqiu (right hand) {*Slow Str+6 Slay+6}
   (You took it off an orc wizard on level 8 of the Dungeon)

   [ring of strength]

   Str:       It affects your strength (+6).
   Slay:      It affects your accuracy & damage with ranged weapons and melee
   (+6).
   *Slow:     It may slow you when you take damage.
 w - the ring "Plog" (left hand) {Fly rPois Dex+3}
   (You bought it in a shop on level 1 of the Snake Pit)

   [ring of flight]

   Dex:       It affects your dexterity (+3).
   rPois:     It protects you from poison.
   Fly:       It grants you flight.
 z - a ring of willpower
 C - a +6 ring of dexterity
 T - a +6 ring of strength
Wands
 c - a wand of polymorph (5)
 B - a wand of acid (10)
 J - a wand of charming (35)
 L - a wand of mindburst (19)
 P - a wand of flame (40)
 R - a wand of roots (15)
 Z - a wand of digging (9)
Scrolls
 f - 6 scrolls of immolation
 g - 8 scrolls of blinking
 i - 5 scrolls of magic mapping
 o - a scroll of summoning
 p - 14 scrolls of teleportation
 u - 12 scrolls of identify
 v - 6 scrolls of amnesia
 A - a scroll of fog
 E - 2 scrolls of enchant armour
 F - a scroll of silence
 N - a scroll of poison
 U - a scroll of fear
Potions
 d - 6 potions of might
 e - a potion of resistance
 h - 3 potions of heal wounds
 k - 7 potions of flight
 q - 4 potions of brilliance
 r - 2 potions of ambrosia
 s - a potion of berserk rage
 G - 15 potions of curing
 H - 3 potions of magic
 M - a potion of cancellation
 S - 5 potions of haste
 Y - 5 potions of invisibility


   Skills:
 + Level 17.8 Fighting
 + Level 21.6 Axes
 + Level 3.7 Ranged Weapons
 + Level 14.3 Armour
 + Level 6.6 Dodging
 + Level 7.6 Stealth
 + Level 12.4 Shields
 + Level 6.6 Invocations
 + Level 6.0 Evocations


You had 16 spell levels left.
You didn't know any spells.
Your spell library contained the following spells:

 Spells                   Type           Power      Damage    Failure   Level
 Freeze                   Ice            0%         1d3       83%         1
 Magic Dart               Conj           0%         1d3       83%         1
 Slow                     Hex            0%         N/A       83%         1
 Sting                    Tmut/Pois      0%         1d3       83%         1
 Blink                    Tloc           0%         N/A       93%         2
 Call Imp                 Summ           0%         N/A       93%         2
 Cigotuvi's Dreadful Rot  Necr/Pois/Air  0%         N/A       93%         2
 Ensorcelled Hibernation  Hex/Ice        0%         N/A       93%         2
 Lesser Beckoning         Tloc           0%         N/A       93%         2
 Momentum Strike          Conj/Tloc      0%         3d8       93%         2
 Poisonous Vapours        Pois/Air       0%         N/A       93%         2
 Sublimation of Blood     Necr           0%         N/A       93%         2
 Wereblood                Tmut           0%         N/A       93%         2
 Confusing Touch          Hex            0%         N/A       99%         3
 Dazzling Flash           Conj/Hex       0%         N/A       99%         3
 Frozen Ramparts          Ice            0%         1d1       99%         3
 Hailstorm                Conj/Ice       0%         3d3       99%         3
 Mephitic Cloud           Conj/Pois/Air  0%         N/A       99%         3
 Vampiric Draining        Necr           0%         2d6       99%         3
 Vhi's Electric Charge    Tloc/Air       0%         N/A       99%         3
 Anguish                  Hex/Necr       0%         N/A       100%        4
 Cause Fear               Hex            0%         N/A       100%        4
 Dispel Undead            Necr           0%         3d6       100%        4
 Ice Form                 Ice/Tmut       0%         N/A       100%        4
 Manifold Assault         Tloc           0%         N/A       100%        4
 Olgreb's Toxic Radiance  Pois           0%         N/A       100%        4
 Petrify                  Tmut/Erth      0%         N/A       100%        4
 Summon Ice Beast         Ice/Summ       0%         N/A       100%        4
 Agony                    Necr           0%         N/A       100%        5
 Arcjolt                  Conj/Air       0%         1d10      100%        5
 Freezing Cloud           Conj/Ice/Air   0%         6-21      100%        5
 Irradiate                Conj/Tmut      0%         3d11      100%        5
 Silence                  Hex/Air        0%         N/A       100%        5
 Death Channel            Necr           0%         N/A       100%        6
 Simulacrum               Ice/Necr       0%         N/A       100%        6
 Enfeeble                 Hex            0%         N/A       100%        7
 Malign Gateway           Summ/Tloc      0%         N/A       100%        7
 Storm Form               Tmut/Air       0%         N/A       100%        7
 Summon Hydra             Summ           0%         N/A       100%        7
 Maxwell's Capacitive Co  Air            0%         ∞         100%        8
 Summon Horrible Things   Summ           0%         N/A       100%        8


Dungeon Overview and Level Annotations

Branches:
Dungeon (14/15)            Temple (1/1) D:6            Lair (5/5) D:10
 Shoals (0/4) Lair:3        Snake (4/4) Lair:3        Slime (0/5) Lair:4
    Orc (2/2) D:11            Elf (0/3) Orc:2        Vaults (0/5) D:14
Ossuary (visited)

Altars:
Ashenzari
Cheibriados
Dithmenos
Elyvilon
Fedhas
Gozag
Hepliaklqana
Kikubaaqudgha
Makhleb
Nemelex Xobeh
Okawaru
Qazlal
Ru
Sif Muna
Trog
Uskayaw
Vehumet
Wu Jian
Xom
Yredelemnul
Zin
The Shining One
Jiyva
Lugonu

Shops:
D:4 ?   D:5 *   D:6 (   D:7 [   D:9 ?   Orc:2 [=*(   Snake:1 :==   Snake:3 :
Snake:4 ![:

Portals:
Abyss: Lair:5


Message History

The naga sharpshooter no longer looks unusually toxic.
A naga comes into view. It is wielding a +0 dire flail.
The naga spits poison at you. The splash of poison misses you.
The naga sharpshooter spits poison at you.
Your +1 kite shield of reflection blocks the splash of poison... and reflects it back!
The splash of poison hits the naga sharpshooter but does no damage.
The salamander tyrant rends the earth beneath you!
The blast of magma engulfs you!!
You hear a shout!
You see here a +0 spear.
The naga sharpshooter shoots an arrow.
You block the arrow with your +1 kite shield of reflection... and reflect it back!
The arrow closely misses the naga sharpshooter.
The salamander tyrant gazes fiercely through you!
You feel as though you will be weak longer.
The naga sharpshooter shoots an arrow.
The arrow hits you.
The naga sharpshooter mumbles some strange words.
The naga sharpshooter magically shoots an arrow.
The arrow hits you but does no damage.
The naga sharpshooter gestures wildly while chanting.
The salamander tyrant rends the earth beneath you!
The blast of magma engulfs you!!!
* * * LOW HITPOINT WARNING * * *
The naga sharpshooter spits poison at you.
The splash of poison hits you but does no damage.
You are poisoned.
You resist.
You hear a shout!
You feel sick.
The naga sharpshooter shoots an arrow.
The arrow hits you.
* * * LOW HITPOINT WARNING * * *
As you read the scroll of teleportation, it crumbles to dust.
You feel strangely unstable.
You feel sick. The naga spits poison at you.
The splash of poison hits you but does no damage.
You resist.
A salamander mystic comes into view. It is wielding a +0 dagger.
The salamander tyrant calls gouts of flame from the lava!
The flame surge hits you!!
You die...

#..#...# .#.....
#......# ......#
######......#####.
......#
#.................
.....##
...................
.##
...................
...........(......#
..#####.))...######
# #...).@# #....≈.#
#...#NN# #.....N#
#.....N#
.....N.≈N....#
...N...........
..$............
...............


You could see a naga sharpshooter, a salamander tyrant, a salamander mystic and
4 nagas.

Vanquished Creatures
  Donald (Snake:4)
  A nagaraja (Snake:2)
  An orc warlord (Orc:1)
  A minotaur (D:12)
  The ghost of Jiri the Severer, a journeyman MiMo of Okawaru (D:12)
  Josephine (Lair:4)
  2 salamander tyrants
  3 vault guards (D:14)
  An ogre mage (Orc:2)
  A catoblepas (D:13)
  A hydra (Lair:1)
  12 anacondas
  6 boulder beetles
  2 centaur warriors
  6 two-headed ogres
  10 naga warriors
  8 death yaks
  2 naga sharpshooters
  A thrashing horror (Lair:5)
  2 shock serpents
  4 skysharks
  A tengu warrior (D:14)
  2 orc high priests (Orc:2)
  Amaemon (Lair:2)
  4 sea snakes (Snake:1)
  2 salamander mystics
  5 naga ritualists
  5 orc knights (Orc:2)
  A deep elf pyromancer (D:13)
  6 mana vipers
  8 ugly things
  2 orc sorcerers
  8 salamanders
  8 cyclopes
  2 manticores
  5 elephants (Lair:4)
  26 black mambas
  2 guardian serpents (Snake:4)
  10 cane toads
  16 naga magi
  A gargoyle (D:10)
  2 kobold demonologists (D:12)
  3 rime drakes
  4 komodo dragons
  A queen bee (shapeshifter) (Lair:5)
  2 merfolk (Lair:3)
  5 trolls
  2 large abominations (Lair:5)
  A polar bear (Lair:4)
  11 blink frogs
  A dream sheep (Lair:5)
  4 slime creatures (D:12)
  A shadow (D:12)
  3 wyverns
  A yak (shapeshifter) (Lair:5)
  10 yaks
  2 vampires (D:11)
  7 humans (D:14)
  3 wraiths
  3 basilisks
  2 steam dragons
  A hog (shapeshifter) (Lair:5)
  5 vampire mosquitoes
  2 chaos spawn (Lair:5)
  6 wargs
  26 nagas
  2 acid dragons
  12 water moccasins
  The ghost of crompyre the Magician, an amateur DEEE (D:3)
  A sky beast (D:8)
  22 orc warriors
  A black bear (D:6)
  2 ice beasts
  8 ogres
  11 wolves
  6 centaurs
  A phantom (D:3)
  8 small abominations (Lair:5)
  3 kobold brigands (D:8)
  13 bullfrogs
  A gnoll sergeant (D:3)
  3 scorpions
  A water moccasin zombie (Ossuary)
  13 wights
  7 killer bees
  A howler monkey (D:7)
  5 electric eels (D:7)
  A lava snake (Lair:3)
  2 centaur zombies (Ossuary)
  11 orc priests
  2 bullfrog zombies (Ossuary)
  4 hounds
  A gnoll bouda (D:8)
  Crazy Yiuf (D:3)
  4 jellies
  7 iguanas
  3 sleepcaps
  13 orc wizards
  An ogre zombie (Ossuary)
  A mummy (Ossuary)
  25 gnolls
  12 adders
  A shadow imp (D:8)
  4 white imps
  An ufetubus (D:5)
  4 adder zombies (Ossuary)
  A worm (D:2)
  4 dart slugs
  62 orcs
  16 endoplasms
  3 giant cockroaches
  4 gnoll zombies (Ossuary)
  4 goblins
  5 hobgoblins
  13 jackals (D:3)
  4 kobolds
  3 quokkas
  7 ball pythons
  4 bats
  7 frilled lizards
  6 goblin zombies (Ossuary)
  5 hobgoblin zombies (Ossuary)
  3 orc zombies (Ossuary)
  5 rats
666 creatures vanquished.

Vanquished Creatures (collateral kills)
  2 nagarajas
  A salamander tyrant (Snake:4)
  A hydra (Lair:5)
  An anaconda (Snake:1)
  A boulder beetle (D:11)
  5 naga warriors
  3 centaur warriors
  2 death yaks (Lair:4)
  2 thrashing horrors (Lair:5)
  2 naga sharpshooters (Snake:1)
  A salamander mystic (Snake:3)
  3 sea snakes (Snake:1)
  3 slime creatures (D:14)
  4 naga ritualists
  An orc knight (Orc:2)
  5 mana vipers
  An orc sorcerer (Orc:2)
  4 cyclopes
  3 salamanders
  A guardian serpent (Snake:1)
  12 black mambas
  2 naga magi
  A gargoyle (D:11)
  An orange demon (Lair:2)
  3 cane toads
  6 komodo dragons
  An ancient zyme (Lair:5)
  2 merfolk (Lair:3)
  A troll (D:10)
  A polar bear (Lair:5)
  10 blink frogs
  4 dream sheep (Lair:5)
  2 shadows (D:10)
  3 yaks
  A ynoxinul (Lair:5)
  A human (D:14)
  4 wraiths
  A chaos spawn (Lair:5)
  5 vampire mosquitoes (D:12)
  2 basilisks (Lair:5)
  3 water moccasins
  A warg (D:10)
  14 nagas
  4 orc warriors
  A black bear (Lair:1)
  An ogre (Orc:2)
  4 centaurs
  A kobold brigand (D:12)
  4 bullfrogs
  A gnoll sergeant (D:12)
  A wight (D:8)
  4 small abominations (Lair:5)
  2 lava snakes (Lair:3)
  3 orc priests
  2 iguanas (Lair:1)
  An orc wizard (Orc:2)
  A gnoll (D:12)
  11 orcs
  2 kobolds (D:12)
170 creatures vanquished.

Vanquished Creatures (others)
  A human (D:14)
  12 battlemagi
  An orc (Orc:2)
14 creatures vanquished.

Grand Total: 850 creatures vanquished

Notes
Turn   | Place    | Note
-------+----------+-------------------------------------------
     0 | D:1      | Eitelfritz the Hill Orc Fighter began the quest for the
                  | Orb.
     0 | D:1      | Reached XP level 1. HP: 19/19 MP: 1/1
    69 | D:1      | Reached XP level 2. HP: 27/27 MP: 2/2
   429 | D:1      | Reached skill level 3 in Axes
   429 | D:1      | Reached XP level 3. HP: 33/33 MP: 3/3
   972 | D:2      | Found a stormy altar of Qazlal.
  1183 | D:2      | Reached XP level 4. HP: 40/40 MP: 4/4
  1641 | D:3      | Found a faded altar of an unknown god.
  1670 | D:3      | Found a runed translucent door.
  1670 | D:3      | Noticed a phantom
  1670 | D:3      | Noticed crompyre's ghost (amateur DEEE)
  1676 | D:3      | Reached skill level 4 in Axes
  1815 | D:3      | Reached XP level 5. HP: 46/46 MP: 5/5
  1820 | D:3      | Found a radiant altar of Vehumet.
  2048 | D:3      | Reached skill level 5 in Axes
  2387 | D:3      | Found a runed translucent door.
  2388 | D:3      | Noticed Crazy Yiuf
  2489 | D:3      | Reached skill level 1 in Dodging
  2491 | D:3      | Reached XP level 6. HP: 36/52 MP: 6/6
  2634 | D:3      | Reached skill level 6 in Axes
  3077 | D:3      | Reached skill level 7 in Axes
  3077 | D:3      | Reached skill level 5 in Armour
  3077 | D:3      | Reached XP level 7. HP: 60/60 MP: 7/7
  3079 | D:3      | Identified the +8 ring mail of Viapooceo {Stlth+}
  3213 | D:3      | Reached skill level 5 in Fighting
  3214 | D:3      | Killed crompyre's ghost
  3314 | D:3      | Killed Crazy Yiuf
  3382 | D:3      | Reached skill level 8 in Axes
  3728 | D:4      | Found Enledor's Magic Scroll Shoppe.
  3733 | D:4      | Bought a scroll of blinking for 105 gold pieces
  3733 | D:4      | Bought a scroll of identify for 28 gold pieces
  3733 | D:4      | Bought a scroll of identify for 28 gold pieces
  3895 | D:4      | Found a sand-covered staircase.
  3924 | Ossuary  | Entered an ossuary
  4018 | Ossuary  | Reached XP level 8. HP: 68/68 MP: 8/8
  4027 | Ossuary  | Reached skill level 1 in Stealth
  4054 | Ossuary  | Noticed a silent spectre
  4275 | D:4      | Reached skill level 9 in Axes
  4518 | D:4      | Found an ornate altar of the Wu Jian Council.
  4762 | D:4      | Bought a scroll of silence for 133 gold pieces
  4775 | D:5      | Entered Level 5 of the Dungeon
  5011 | D:5      | Found a stormy altar of Qazlal.
  5051 | D:5      | Found Eddushuf's Assorted Antiques.
  5083 | D:5      | Found a broken altar of Ashenzari.
  5084 | D:5      | Found a basalt altar of Yredelemnul.
  5216 | D:5      | Found a burning altar of Makhleb.
  5581 | D:5      | Reached skill level 10 in Axes
  5691 | D:5      | Reached XP level 9. HP: 71/75 MP: 9/9
  5822 | D:5      | Bought an emerald potion for 24 gold pieces
  5852 | D:6      | Reached skill level 5 in Shields
  6063 | D:6      | Found Buhuny's Weapon Shoppe.
  6088 | D:6      | Reached skill level 11 in Axes
  6251 | D:6      | Reached skill level 1 in Ranged Weapons
  6389 | D:6      | Found a staircase to the Ecumenical Temple.
  6402 | Temple   | Entered the Ecumenical Temple
  6430 | Temple   | Became a worshipper of Hepliaklqana the Forgotten
  6899 | D:7      | Found Pocadufu's Armour Boutique.
  7372 | D:8      | Noticed a two-headed ogre
  7380 | D:8      | Reached skill level 12 in Axes
  7383 | D:8      | Noticed a boulder beetle
  7384 | D:8      | Killed a two-headed ogre
  7385 | D:8      | Reached XP level 10. HP: 66/86 MP: 10/10
  7509 | D:7      | Killed a boulder beetle
  7510 | D:7      | Reached skill level 13 in Axes
  7600 | D:8      | Noticed a red ugly thing
  7631 | D:8      | Killed a red ugly thing
  7663 | D:8      | Identified the staff of conjuration "Rolutifo" {rPois rF+
                  | Will+ MP+9}
  7719 | D:8      | Noticed a cyclops
  7725 | D:8      | Noticed a cyclops
  7737 | D:8      | Killed a cyclops
  7738 | D:8      | Reached skill level 14 in Axes
  7738 | D:8      | Reached XP level 11. HP: 61/95 MP: 11/11
  7741 | D:8      | Noticed a boulder beetle
  7744 | D:8      | Killed a cyclops
  7754 | D:8      | Killed a boulder beetle
  7797 | D:8      | Reached * piety under Hepliaklqana
  7829 | D:8      | Identified the +0 leather armour of Watchfulness {rPois
                  | Will+++ Str+5 Int-5}
  7846 | D:8      | Noticed a cyclops
  7854 | D:8      | Killed a cyclops
  7885 | D:8      | Identified the staff of cold "Kyfiodity" {rPois rC+ Int+5
                  | Dex-5}
  7903 | D:8      | Got the Octavo of Frost
  7955 | D:8      | Identified the ring of Baiqiaqiu {*Slow Str+6 Slay+6}
  7969 | D:8      | Identified the staff of earth "Buuror" {Stlth+}
  8336 | D:8      | Found a white marble altar of Elyvilon.
  8364 | D:8      | Found a shimmering altar of Xom.
  8649 | D:9      | Found Gamoram's Magic Scroll Emporium.
  8681 | D:9      | Reached skill level 15 in Axes
  8948 | D:9      | Reached ** piety under Hepliaklqana
  8958 | D:9      | Found a sparkling altar of Nemelex Xobeh.
  9438 | D:7      | Bought a +2 pair of gloves of dexterity for 322 gold pieces
  9504 | D:10     | Entered Level 10 of the Dungeon
  9548 | D:10     | Identified the +0 chain mail "Woqupiuh" {rN+}
  9566 | D:10     | Found a staircase to the Lair.
  9579 | D:10     | Remembered your ancestor Xiuhtonal as a battlemage
  9769 | D:10     | Found a blossoming altar of Fedhas.
 10287 | D:11     | Noticed a boulder beetle
 10301 | D:11     | Killed a boulder beetle
 10380 | D:11     | Reached skill level 16 in Axes
 10494 | D:11     | Noticed a cyclops
 10503 | D:11     | Killed a cyclops
 10580 | D:11     | Reached *** piety under Hepliaklqana
 10675 | D:11     | Found a staircase to the Orcish Mines.
 10706 | D:11     | Reached XP level 12. HP: 85/95 MP: 12/12
 10737 | D:11     | Found a glowing silver altar of Zin.
 10743 | D:11     | Noticed a boulder beetle
 10755 | D:11     | Killed a boulder beetle
 10756 | D:11     | Reached skill level 10 in Fighting
 11067 | D:12     | Identified the +2 chain mail of Cepopiffes {+Inv rC+ Will+
                  | Dex-5}
 11081 | D:12     | Noticed a boulder beetle
 11097 | D:12     | Killed a boulder beetle
 11245 | D:12     | Found a runed translucent gate.
 11245 | D:12     | Found a runed translucent gate.
 11245 | D:12     | Found a runed translucent gate.
 11249 | D:12     | Noticed a minotaur
 11251 | D:12     | Noticed Jiri's ghost (journeyman MiMo)
 11251 | D:12     | Noticed a centaur warrior
 11556 | D:13     | Noticed a centaur warrior
 11566 | D:13     | Killed a centaur warrior
 11567 | D:13     | Reached skill level 17 in Axes
 11646 | D:13     | Noticed a catoblepas
 11663 | D:13     | Killed a catoblepas
 11700 | D:13     | Noticed a centaur warrior
 11706 | D:13     | Killed a centaur warrior
 11763 | D:13     | Reached **** piety under Hepliaklqana
 11927 | D:13     | Noticed a centaur warrior
 11938 | D:13     | Killed a centaur warrior
 12187 | D:14     | Noticed a centaur warrior
 12193 | D:14     | Killed a centaur warrior
 12229 | D:14     | Reached skill level 1 in Invocations
 12229 | D:14     | Reached XP level 13. HP: 89/104 MP: 13/13
 12231 | D:14     | Reached skill level 1 in Evocations
 12504 | D:14     | Noticed a vault guard
 12505 | D:14     | Noticed a vault guard
 12507 | D:14     | Noticed a vault guard
 12513 | D:14     | Killed a vault guard
 12527 | D:14     | Killed a vault guard
 12528 | D:14     | Killed a vault guard
 12551 | D:14     | Found a gate to the Vaults.
 12592 | D:14     | Reached skill level 18 in Axes
 13032 | Orc:1    | Entered Level 1 of the Orcish Mines
 13430 | Orc:1    | Reached skill level 10 in Armour
 13632 | Lair:1   | Entered Level 1 of the Lair of Beasts
 13863 | Lair:1   | Reached ***** piety under Hepliaklqana
 13889 | Lair:1   | Reached skill level 5 in Invocations
 13894 | Lair:1   | Reached skill level 5 in Stealth
 13909 | Lair:1   | You fall into a shaft and drop 1 floor!
 14045 | Lair:1   | Identified the +3 scale mail "Palu" {Regen+ rCorr Str-5
                  | Int+2}
 14168 | Lair:1   | Reached XP level 14. HP: 114/114 MP: 17/17
 14503 | D:12     | Killed Jiri's ghost
 14663 | D:9      | Bought a scroll of enchant armour for 97 gold pieces
 14663 | D:9      | Bought a scroll of identify for 26 gold pieces
 14663 | D:9      | Bought a scroll of identify for 26 gold pieces
 14663 | D:9      | Bought a scroll of magic mapping for 97 gold pieces
 14663 | D:9      | Bought a scroll of magic mapping for 97 gold pieces
 14663 | D:9      | Bought a scroll of teleportation for 39 gold pieces
 14830 | Lair:2   | Reached skill level 5 in Dodging
 14930 | Lair:2   | Noticed Amaemon
 14940 | Lair:2   | Killed Amaemon
 14941 | Lair:2   | Reached skill level 5 in Evocations
 15848 | Lair:3   | Found a staircase to the Shoals.
 16302 | Lair:3   | Identified the +3 leather armour of Parlour Games {rCorr
                  | Str+2 SInv}
 16629 | Lair:3   | Found a staircase to the Snake Pit.
 16949 | Lair:4   | Reached skill level 19 in Axes
 17177 | Lair:4   | Reached ****** piety under Hepliaklqana
 17564 | Lair:4   | Found a viscous altar of Jiyva.
 17565 | Lair:4   | Found a staircase to the Slime Pits.
 17571 | Lair:4   | Noticed Josephine
 17581 | Lair:4   | Killed Josephine
 17746 | Lair:5   | Entered Level 5 of the Lair of Beasts
 17886 | Lair:5   | Reached XP level 15. HP: 118/124 MP: 19/19
 18040 | Lair:5   | Found an ornate altar of the Wu Jian Council.
 18086 | Lair:5   | Reached skill level 10 in Shields
 18473 | Lair:5   | Identified the +0 plate armour "Feiraij" {+Inv Str+3}
 18624 | Lair:5   | Found a corrupted altar of Lugonu.
 18624 | Lair:5   | Found a one-way gate to the infinite horrors of the Abyss.
 18691 | Lair:5   | Reached skill level 15 in Fighting
 19021 | Orc:2    | Entered Level 2 of the Orcish Mines
 19026 | Orc:2    | Found Durug's Antique Armour Shop.
 19149 | Orc:2    | Noticed an orc warlord
 19149 | Orc:2    | Found Leffu's General Store.
 19170 | Orc:1    | Killed an orc warlord
 19171 | Orc:1    | Reached skill level 20 in Axes
 19470 | Orc:2    | Bought a shimmering cloak for 275 gold pieces
 19470 | Orc:2    | Identified the +2 cloak "Qimuvo" {Harm Regen+} (You bought
                  | it in a shop on level 2 of the Orcish Mines)
 19542 | Orc:2    | Found a staircase to the Elven Halls.
 19543 | Orc:2    | Found Nyzua's Antique Weapon Shoppe.
 19559 | Orc:2    | Bought a broad axe for 120 gold pieces
 19615 | Orc:2    | Bought a scroll of brand weapon for 133 gold pieces
 19647 | Orc:2    | Found Pazanaf's Jewellery Shoppe.
 19946 | Orc:2    | Bought a ring of flight for 262 gold pieces
 20115 | Snake:1  | Entered Level 1 of the Snake Pit
 20183 | Snake:1  | HP: 4/128 [naga/+0 halberd (16)]
 20466 | Snake:1  | Reached XP level 16. HP: 122/135 MP: 20/20
 20599 | Snake:1  | Identified the +9 short sword "Appoh" {pain, rC- MP+9
                  | Str+7}
 20877 | Snake:1  | Found Poohigro's Jewellery Shop.
 20878 | Snake:1  | Found Qiuf's Book Shoppe.
 20879 | Snake:1  | Found Eheykhan's Jewellery Shop.
 20957 | Snake:1  | Bought the ring "Plog" {Fly rPois Dex+3} for 420 gold
                  | pieces
 21091 | Snake:1  | Identified the +3 leather armour of the Slorg {rC+}
 21621 | Snake:2  | Noticed a nagaraja
 21628 | Snake:2  | Killed a nagaraja
 22477 | Snake:2  | Reached skill level 21 in Axes
 22549 | Snake:2  | You are sucked into a shaft and drop 1 floor!
 22935 | Snake:3  | Found Ylluboib's Book Boutique.
 23030 | Snake:3  | Reached XP level 17. HP: 72/144 MP: 21/21
 23832 | Snake:4  | Entered Level 4 of the Snake Pit
 24161 | Snake:4  | Noticed Donald
 24175 | Snake:4  | Killed Donald
 24247 | Snake:4  | Found Uppadutz's Book Shop.
 24247 | Snake:4  | Found Bodgh's Antique Armour Boutique.
 24252 | Snake:4  | Found Gephaff's Distillery.
 24513 | Snake:4  | Killed from afar by a salamander tyrant

Illustrated notes

Levels and vault maps discovered:
D:1:      minmay_arrival_plants_in_alcoves, layout_loops_ring
D:2:      layout_loops_ring, basic_altar, minmay_misc_feat_nine_boxes,
          minmay_pentomino_z2
D:3:      lemuel_castle_with_subvaults [lemuel_castle_interior_carwin_3],
          layout_basic, nicolae_vehumet_altar_sigil,
          hellmonk_ecumenical_altar_heavens_door, ebering_ghost_inner_flame,
          st_stairs_1, minmay_surrounded, uniq_crazy_yiuf_cottage
D:4:      layout_loops_corners, nicolae_overflow_hidden_temple,
          nicolae_ossuary_entry_false_entrances, serial_glass, glass_columns_b,
          glass_columns_b, glass_columns_a, glass_columns_b, glass_columns_b,
          glass_columns_a, serial_shops, nicolae_shop_crystal,
          minmay_misc_feat_diagonals, reono_crystal_passage
D:5:      layout_basic, lemuel_doored_altar, grunt_qazlal_clouds,
          chequers_temple_overflow_statue_of_worship, serial_shops, shop
D:6:      nicolae_cairo_tiling_large_dashed, layout_basic,
          minmay_temple_entry_nine_rooms, serial_shops, shop
D:7:      layout_basic, serial_bayou, serial_bayou_pond_e, serial_bayou_lake_a,
          serial_bayou_pond_a, serial_bayou_pond_e, serial_bayou_ford_a,
          serial_shops, nicolae_shop_temple_entry_statues_fountains
D:8:      minmay_the_grid_octo_tiled_squarecenter
          [minmay_the_grid_octo_pinwheel, minmay_the_grid_octo_fat_diamond,
          minmay_the_grid_octo_clover, minmay_the_grid_octo_odd_swirl,
          minmay_the_grid_square_5x5_megaprize_crossed,
          minmay_the_grid_square_5x5_checkered_sparse,
          minmay_the_grid_square_5x5_slash, minmay_the_grid_square_5x5_tie,
          minmay_the_grid_square_5x5_shrine2], layout_gridville,
          mainiacjoe_overflow_alcove_1, amcnicky_altar_gilded,
          blue_anna_alchemist
D:9:      layout_stronghold, nemelex_spade_bored_becter, serial_shops,
          nicolae_shop_temple_entry_statues_fountains,
          chequers_serial_rivers_large_a, dreamdust_mushroom_princess
D:10:     layout_loops_ring, fedhas_altar_3, erik_lair_orcish_takeover
D:11:     layout_irregular_city, orc_0_dummy, zin_statuary
D:12:     layout_rooms, maelrawn_ghost_gauntlet_escape, lemuel_old_faithful
D:13:     layout_loops_ring
D:14:     layout_long_grid, ximxim_vaults_locker_room
Temple:   hellmonk_temple_two_chambers
Lair:1:   beast_lair_carwin_large_3, layout_cave_shapes, lemuel_fruit_tree,
          grunt_megastairs_3
Lair:2:   layout_layer_cave, uniq_amaemon
Lair:3:   layout_cave_pods, elwin_shoals_entry_stream,
          nicolae_snake_entry_warm_welcome
Lair:4:   layout_regular_city, slime_entry_1, uniq_josephine
Lair:5:   hellmonk_lair_end_abyssal_woods, layout_gridlike,
          lemuel_altar_in_water2, minivault_19, st_stairs_11,
          infiniplex_staircase_pool_2, serial_bayou_shore_b
Snake:1:  minmay_snake_river, layout_onion, nicolae_snake_coiling_death,
          minmay_shop_grove
Snake:2:  layout_basic, nicolae_snake_single_loop
Snake:3:  layout_misc_corridors, serial_shops, nicolae_square_shop
Snake:4:  minmay_snake_end_coiled, layout_cave_town, minmay_shop_star,
          uniq_donald
Orc:1:    layout_caves
Orc:2:    grunt_orc_gardens, layout_diamond_mine, grunt_orc_garden,
          grunt_orc_garden, grunt_orc_garden, grunt_orc_garden, special_room

Skill      XL: |  1  2  3  4  5  6  7  8  9 10 11 12 13 14 15 16 17 |
---------------+----------------------------------------------------+-----
Axes           | 3 4 5 7 8 10 12 14 16 17 18 19 20 21 | 21.6
Fighting       | 4 5 6 7 8 9 11 12 14 15 17 | 17.8
Armour         | 4 5 6 7 8 9 10 11 12 13 14 | 14.3
Shields        | 4 5 6 7 8 9 10 11 12 | 12.4
Dodging        | 1 2 3 4 5 6 |  6.6
Stealth        | 2 3 4 5 6 7 |  7.6
Ranged Weapons | 2 3 |  3.7
Invocations    | 1 5 6 |  6.6
Evocations     | 4 6 |  6.0

Action                     |  1- 3 |  4- 6 |  7- 9 | 10-12 | 13-15 | 16-18 || total
---------------------------+-------+-------+-------+-------+-------+-------++-------
  Melee: War axe           |   122 |   183 |   281 |   379 |   680 |   397 ||  2042
         Morningstar       |       |       |       |       |     2 |       ||     2
   Fire: Sling             |       |       |    24 |     5 |       |       ||    29
 Invoke: Ancestor Life: Ba |       |       |       |     1 |       |       ||     1
         Recall Ancestor   |       |       |       |       |     3 |     2 ||     5
         Idealise          |       |       |       |       |     2 |       ||     2
         Transference      |       |       |       |       |       |     1 ||     1
  Evoke: Wand              |       |       |       |       |     2 |       ||     2
    Use: Scroll            |       |       |    18 |     9 |    10 |     4 ||    41
         Potion            |       |       |     1 |       |     3 |       ||     4
   Stab: Sleeping          |       |       |     5 |     1 |       |       ||     6
         Distracted        |       |       |       |     4 |    18 |    12 ||    34
 Armour: Scale mail        |    63 |    74 |       |       |       |       ||   137
         Chain mail        |       |    18 |       |    51 |   286 |   180 ||   535
         Ring mail         |       |       |   121 |   123 |       |       ||   244
  Dodge: Dodged            |    59 |    73 |   124 |   183 |   250 |   115 ||   804
  Block: Buckler           |    35 |    48 |    64 |   123 |   157 |    48 ||   475
         Kite shield       |       |       |       |       |       |    94 ||    94
         Reflection        |       |       |       |       |       |     8 ||     8
